AoeStats
← Nencatacoa

Arena

509244256Analyzed
4v4 RM · 7d ago on Sep 26, 2026· 37m 45s· 8 players
Game mode
Random Map
Map size
Large (8 player)
Population
200
Speed
Normal
Resources
Standard
Victory
Conquest
Starting age
Dark Age
Ending age
Imperial Age
RankedLock teamsTeams togetherTeam positionsShared explorationLock speedFull tech treeHidden civsTurbo modeCheats
Victory
Defeat
🇲🇽 Bohemians · Mexico
1685
+8
🇲🇽 Varangians · Mexico
1573
+12
🇨🇴 Hindustanis · Colombia
1472
+17
🇲🇽 Spanish · Mexico
1307
+23
🇨🇱 Cumans · Chile
1554
-18
🇨🇱 Malians · Chile
1537
-17
🇨🇱 Armenians · Chile
1463
-14
🇨🇱 Mongols · Chile
1396
-11
[KKCK]Erdinger_CLs
5:48 Loom
8:50 Feudal Age
9:27 Double-Bit Axe
20:59 Horse Collar
25:09 Castle Age
24:56 Wheelbarrow
26:17 Forging
26:12 Scale Barding Armor
26:22 Bow Saw
27:31 Heavy Plow
28:14 Iron Casting
27:41 Capped Ram
29:51 Chain Barding Armor
30:51 Gold Mining
32:52 Gold Shaft Mining
35:08 Imperial Age
35:11 Cavalier
36:12 Bloodlines
john wick
6:17 Loom
9:25 Feudal Age
10:51 Man-at-Arms
19:35 Horse Collar
20:10 Double-Bit Axe
23:07 Wheelbarrow
23:45 Fletching
23:57 Scale Mail Armor
24:07 Forging
34:14 Castle Age
The Geo
10:11 Feudal Age
15:59 Castle Age
14:13 Double-Bit Axe
14:37 Horse Collar
20:58 Loom
22:29 Fletching
24:48 Bow Saw
26:14 Wheelbarrow
28:07 Bodkin Arrow
28:55 Scale Barding Armor
29:14 Gold Mining
29:14 Stone Mining
31:08 Murder Holes
33:46 Imperial Age
31:32 Forging
31:23 Scale Mail Armor
30:57 Pikeman
31:52 Masonry
34:43 Iron Casting
34:24 Chain Mail Armor
34:11 Squires
34:38 Ballistics
36:44 Blast Furnace
35:45 Bracer
36:48 Chemistry
36:56 Conscription
36:49 Padded Archer Armor
37:23 Plate Mail Armor
[KKCK]Taker_
3:15 Loom
8:32 Feudal Age
14:28 Fletching
22:28 Castle Age
21:52 Double-Bit Axe
28:52 Imperial Age
26:29 Horse Collar
27:28 Bodkin Arrow
28:17 Scale Mail Armor
29:34 Forging
29:42 Chain Mail Armor
30:27 Wheelbarrow
29:41 Town Watch
31:14 Iron Casting
31:52 Conscription
Ux'Combita
10:43 Feudal Age
14:33 Castle Age
12:28 Double-Bit Axe
12:24 Horse Collar
16:12 Bow Saw
16:41 Heavy Plow
16:37 Loom
21:14 Wheelbarrow
22:38 Hand Cart
22:30 Gold Mining
23:38 Hand Cart
27:49 Imperial Age
25:14 Stone Mining
25:41 Scale Barding Armor
27:15 Chain Barding Armor
27:29 Bloodlines
27:21 Husbandry
27:42 Forging
28:25 Stone Shaft Mining
27:50 Cavalier
29:54 Plate Barding Armor
30:29 Iron Casting
33:34 Blast Furnace
33:32 Vendel Legacy
35:25 Conscription
38:50 Two-Man Saw
38:24 Crop Rotation
UxCima
10:51 Feudal Age
9:08 Loom
11:15 Feudal Age
19:25 Castle Age
17:39 Double-Bit Axe
17:35 Horse Collar
23:04 Bow Saw
23:11 Fervor
27:44 Wheelbarrow
33:23 Imperial Age
31:26 Hand Cart
31:28 Masonry
32:37 Chemistry
31:38 Fletching
32:17 Bodkin Arrow
33:36 Padded Archer Armor
33:58 Ballistics
34:08 Bracer
33:44 Crossbowman
35:04 Leather Archer Armor
34:31 Arbalester
38:05 Ring Archer Armor
37:00 Capped Ram
MZTK | Kaptn'SpeR0
10:19 Feudal Age
10:22 Loom
14:24 Castle Age
24:54 Double-Bit Axe
25:00 Gold Mining
28:11 Padded Archer Armor
29:08 Leather Archer Armor
33:22 Horse Collar
35:40 Bow Saw
35:50 Heavy Plow
Nencatacoa
9:54 Feudal Age
14:07 Castle Age
12:08 Double-Bit Axe
12:23 Horse Collar
15:02 Bow Saw
15:50 Heavy Plow
19:19 Town Watch
22:05 Wheelbarrow
23:07 Gold Mining
23:07 Stone Mining
24:51 Loom
25:32 Hand Cart
25:17 Town Patrol
29:43 Imperial Age
28:04 Scale Barding Armor
28:43 Bloodlines
28:33 Husbandry
29:05 Chain Barding Armor
31:31 Plate Barding Armor
32:04 Chemistry
31:09 Heavy Camel Rider
33:04 Imperial Camel Rider
Connection lost

Rejoining the realm…

Still unreachable

The connection could not be restored.

Session expired

The server has moved on; the page needs a fresh start.